 Dungeon Sprint DCSS version 0.27-a0-1217-g8a41f320e8 (webtiles) character file.

Game seed: 5898343192098820641

110 funkygono the Shield-Bearer (level 5, -2/43 (47) HPs)
             Began as a Formicid Fighter on June 6, 2021.
             Was a Follower of Okawaru.
             Slain by a wight
             ... wielding a +3 halberd of freezing
              (7 damage)
             ... in the Dungeon (Sprint VII: "The Pits").
             The game lasted 00:00:50 (237 turns).

funkygono the Shield-Bearer (Formicid Fighter)       Turns: 237, Time: 00:00:51

HP:   -2/43 (47)    AC:  7    Str: 22    XL:     5   Next: 14%
MP:   5/5           EV:  9    Int:  7    God:    Okawaru [*.....]
Gold: 0             SH: 10    Dex: 10    Spells: 4/4 levels left

rFire    . . .     SeeInvis +   h - +2 falchion
rCold    . . .     Faith    .   c - +0 kite shield
rNeg     . . .     Spirit   .   b - +0 scale mail
rPois    .         Reflect  .   (helmet unavailable)
rElec    .         Harm     .   (no cloak)
rCorr    .         Rampage  .   (no gloves)
Will     .....                  (no boots)
Stlth    ..........             (no amulet)
HPRegen  0.14/turn              (no ring)
MPRegen  0.09/turn              (no ring)

@: drained
A: permanent stasis, dig shafts and tunnels, antennae 3, four strong arms
a: Dig, Renounce Religion, Heroism


You were in the Dungeon.
You worshipped Okawaru.
Okawaru was aware of your devotion.
You visited 1 branch

Inventory:

Hand Weapons
 a - a +0 long sword
 h - a +2 falchion (weapon)
Armour
 b - a +0 scale mail (worn)
 c - a +0 kite shield (worn)
Scrolls
 j - 5 scrolls of amnesia
 k - a scroll of summoning
Potions
 d - a potion of might
 e - a potion of curing
 f - a potion of heal wounds
 g - 4 potions of magic
 i - 2 potions of invisibility


   Skills:
 + Level 6.5 Fighting
 + Level 3.6 Long Blades
 + Level 6.4 Armour
 + Level 6.7 Shields


You had 4 spell levels left.
You didn't know any spells.
Your spell library was empty.

Dungeon Overview and Level Annotations

Branches:
Dungeon (1/1)

Altars:
Ashenzari
Cheibriados
Dithmenos
Elyvilon
Fedhas
Gozag
Hepliaklqana
Kikubaaqudgha
Makhleb
Nemelex Xobeh
Okawaru
Qazlal
Ru
Sif Muna
Trog
Uskayaw
Vehumet
Wu Jian
Xom
Yredelemnul
Zin
The Shining One
Beogh
Jiyva
Lugonu


Innate Abilities, Weirdness & Mutations

You cannot be hasted, slowed, berserked, paralysed or teleported.
You can dig through walls and to a lower floor.
You have a pair of large antennae on your head. (SInv)
Your four strong arms can wield two-handed weapons with a shield.


Message History

You block the bat zombie's attack.
The bat zombie hits you but does no damage.
You see here a hobgoblin corpse.
You block the bat zombie's attack. The bat zombie barely misses you.
You riposte.
You closely miss the bat zombie. You slash the bat zombie!
The bat zombie is almost destroyed.
The bat zombie hits you but does no damage.
You block the bat zombie's attack.
You slash the wight!
The wight is moderately damaged.
You block the wight's attack.
You closely miss the wight.
The wight is moderately damaged.
You block the wight's attack.
You hit the wight but do no damage.
The wight is moderately damaged.
The wight hits you from afar with a +3 halberd of freezing.
The wight freezes you. The wight barely misses you.
You riposte.
You closely miss the wight.
The wight is moderately damaged.
You block the wight's attack.
You fail to use your ability.
The wight closely misses you. You block the wight's attack.
You hit the wight.
The wight is severely damaged.
You block the wight's attack. The wight barely misses you.
The wight hits you with a +0 short sword!
You hit the wight.
The wight is severely damaged.
The wight hits you from afar with a +3 halberd of freezing!
You feel drained. The wight freezes you.
The wight hits you with a +0 short sword.
You feel drained.
You barely miss the wight.
The wight is severely damaged.
The wight hits you from afar with a +3 halberd of freezing!
* * * LOW HITPOINT WARNING * * *
You feel drained.
You die...

#_______...###########++
##########'##...........
#.?(!')))'.##......#..#.
##########.##...........
#.......)...'...........
+#####'#####......#..#.
#.{#...'.##...........
#..#...#.#####'#####++
#..#####@##.......#
#..'..Z#z##.......#
#..'.z{zz##.......#
#..########...<...# #.{
#.......# #{{ #.......#
#.......# { { {{
######### {


You could see 3 wights.

Vanquished Creatures
  A floating eye (D)
  An adder (D)
  A hobgoblin (D)
  A kobold (D)
  A rat (D)
5 creatures vanquished.

Notes
Turn   | Place    | Note
-------+----------+-------------------------------------------
     0 | D        | funkygono the Formicid Fighter began the quest for the Orb.
     0 | D        | Reached XP level 1. HP: 18/18 MP: 1/1
    16 | D        | Reached XP level 2. HP: 20/25 MP: 2/2
   134 | D        | Found a bloodstained altar of Trog.
   134 | D        | Found a shimmering blue altar of Sif Muna.
   134 | D        | Found a viscous altar of Jiyva.
   134 | D        | Found a hazy altar of Hepliaklqana.
   134 | D        | Found an opulent altar of Gozag.
   135 | D        | Found a glowing golden altar of the Shining One.
   135 | D        | Found a glowing silver altar of Zin.
   135 | D        | Found a basalt altar of Yredelemnul.
   135 | D        | Found a shimmering altar of Xom.
   135 | D        | Found an ornate altar of the Wu Jian Council.
   135 | D        | Found a sacrificial altar of Ru.
   135 | D        | Found a stormy altar of Qazlal.
   135 | D        | Found an iron altar of Okawaru.
   135 | D        | Found a sparkling altar of Nemelex Xobeh.
   135 | D        | Found a burning altar of Makhleb.
   135 | D        | Found a blossoming altar of Fedhas.
   135 | D        | Found a white marble altar of Elyvilon.
   135 | D        | Found a shadowy altar of Dithmenos.
   135 | D        | Found a snail-covered altar of Cheibriados.
   137 | D        | Found a radiant altar of Vehumet.
   137 | D        | Found a corrupted altar of Lugonu.
   138 | D        | Found a hide-covered altar of Uskayaw.
   138 | D        | Found an ancient bone altar of Kikubaaqudgha.
   138 | D        | Found a broken altar of Ashenzari.
   153 | D        | Became a worshipper of Warmaster Okawaru
   192 | D        | Noticed a floating eye
   198 | D        | Killed a floating eye
   199 | D        | Reached XP level 3. HP: 35/35 MP: 3/3
   199 | D        | Reached XP level 4. HP: 41/41 MP: 4/4
   199 | D        | Reached XP level 5. HP: 47/47 MP: 5/5
   214 | D        | Reached * piety under Okawaru
   237 | D        | Slain by a wight

Illustrated notes

Levels and vault maps discovered:
D:        pitsprint [storerooms_1, entrance_room_1, metal_vault_3, armoury_2,
          mini_pit_1, grid_room_1, main_hall_1, silver_pit, the_coven_1,
          the_vestibule_1, steel_vault_4, golden_pit, hallway_of_sentries,
          crystal_vault_4, iron_vault_5, final_vault]

Skill      XL: |  1  2 |
---------------+-------+-----
Fighting       | 4 6 |  6.5
Armour         | 4 6 |  6.4
Shields        | 4 6 |  6.7
Long Blades    | 3 |  3.6

Action                   |  1- 3 |  4- 6 || total
-------------------------+-------+-------++-------
Melee: Long sword        |     3 |       ||     3
       Falchion          |     3 |    15 ||    18
Armor: Scale mail        |     2 |     7 ||     9
Dodge: Dodged            |     3 |     8 ||    11
Block: Kite shield       |     1 |     9 ||    10
       Rpst.: Long sword |     1 |       ||     1
       Falchion          |     1 |     4 ||     5

Table legend: (Time is in decaauts)
 A = Elapsed time spent in this place.
 B = Non-inter-level travel time spent in this place.
 C = Inter-level travel time spent in this place.
 D = Time resting spent in this place.
 E = Time spent auto-exploring this place.
 F = Levels seen in this place.
 G = Mean time per level.
                   A        B        C        D        E       F      G
               +--------+--------+--------+--------+--------+-----+--------+
         Total |    242 |    242 |      0 |    114 |     10 |   1 |  242.0 |
       Dungeon |    242 |    242 |      0 |    114 |     10 |   1 |  242.0 |
               +--------+--------+--------+--------+--------+-----+--------+

Top non-repeatable levels by time:
       D: 242 daAuts
